AoeStats
← primo78n

Arena

505781338Analyzed
2v2 RM · 21d ago on Sep 11, 2026· 41m 37s· 4 players
Game mode
Random Map
Map size
Medium (4 player)
Population
200
Speed
Normal
Resources
Standard
Victory
Conquest
Starting age
Dark Age
Ending age
Imperial Age
RankedLock teamsTeams togetherTeam positionsShared explorationLock speedFull tech treeHidden civsTurbo modeCheats
Victory
Defeat
🇦🇷 Bohemians · Argentina
1036
+15
🇦🇷 Hindustanis · Argentina
1033
+15
🇨🇱 Khmer · Chile
1036
-16
🇨🇱 Celts · Chile
985
-14
VonPiatre
1:42 Loom
11:07 Feudal Age
19:02 Castle Age
17:58 Horse Collar
18:06 Double-Bit Axe
Cisco Beats
9:44 Feudal Age
14:22 Castle Age
12:31 Double-Bit Axe
13:14 Horse Collar
15:23 Bow Saw
19:45 Loom
20:10 Town Watch
21:15 Wheelbarrow
20:50 Stone Mining
22:43 Hand Cart
23:30 Town Patrol
25:45 Scale Barding Armor
25:50 Forging
26:51 Chain Barding Armor
27:57 Iron Casting
27:46 Bloodlines
27:37 Husbandry
32:14 Imperial Age
30:02 Fletching
30:35 Ballistics
30:55 Bodkin Arrow
33:58 Plate Barding Armor
34:24 Blast Furnace
33:24 Elite Battle Elephant
34:33 Tusk Swords
36:30 Light Cavalry
39:03 Hussar
41:18 Murder Holes
42:24 Chemistry
TIYA
1:04 Loom
10:24 Feudal Age
10:54 Double-Bit Axe
10:51 Horse Collar
16:01 Loom
19:26 Castle Age
20:48 Fletching
25:36 Fervor
25:49 Sanctity
27:34 Redemption
38:25 Imperial Age
35:26 Pikeman
36:03 Bodkin Arrow
36:14 Scale Barding Armor
39:00 Halberdier
40:36 Scale Mail Armor
40:47 Forging
40:57 Squires
primo78n
7:29 Loom
9:34 Feudal Age
10:11 Double-Bit Axe
10:08 Horse Collar
17:33 Castle Age
17:16 Stone Mining
18:24 Bow Saw
18:17 Heavy Plow
19:04 Stone Shaft Mining
19:34 Gold Mining
21:25 Scale Mail Armor
21:35 Forging
22:58 Chain Mail Armor
23:16 Squires
23:51 Arson
26:01 Iron Casting
28:06 Wheelbarrow
27:16 Town Watch
28:13 Fletching
28:36 Grand Trunk Road
35:41 Hand Cart
35:26 Town Patrol
38:05 Gold Shaft Mining
37:29 Bodkin Arrow
Connection lost

Rejoining the realm…

Still unreachable

The connection could not be restored.

Session expired

The server has moved on; the page needs a fresh start.